 Dungeon Crawl Stone Soup version 0.29-a0-284-gf9362112df (webtiles) character file.

Game seed: 3800187022580937253

82779 HotDog the Fencer (level 15, -1/137 HPs)
             Began as a Minotaur Fighter on Mar 11, 2022.
             Was a High Priest of the Shining One.
             Slain by Rupert
             ... wielding a +2 battleaxe of freezing
              (4 damage)
             ... on level 5 of the Lair of Beasts on Mar 14, 2022.
             The game lasted 00:32:56 (25970 turns).

HotDog the Fencer (Minotaur Fighter)               Turns: 25970, Time: 00:32:58

Health: -1/137     AC: 21    Str: 28    XL:     15   Next: 30%
Magic:  0/23       EV: 16    Int:  5    God:    the Shining One [*****.]
Gold:   1259       SH:  8    Dex: 16    Spells: 14/14 levels left

rFire   . . .      SeeInvis .   B - +9 scimitar of Mana {vorpal, Dex+6}
rCold   . . .      Faith    .   c - +1 buckler
rNeg    + + .      Spirit   +   g - +0 plate armour
rPois   +          Reflect  .   b - +1 hat
rElec   .          Harm     .   (no cloak)
rCorr   .          Rampage  .   (no gloves)
Will    +....      Rage     1%  d - +0 pair of boots
Stlth   ..........              Q - amulet of guardian spirit
HPRegen 0.32/turn               w - ring of poison resistance
MPRegen 0.18/turn               M - +4 ring of evasion

@: brilliant, glowing
A: horns 2, retaliatory headbutt, iridescent scales 1, berserk 1, high MP 1,
MP-powered wands
a: Renounce Religion, Divine Shield, Cleansing Flame, Summon Divine Warrior


You were on level 5 of the Lair of Beasts.
You worshipped the Shining One.
The Shining One was extremely pleased with you.
You visited 3 branches of the dungeon, and saw 22 of its levels.
You also visited: Bailey and Ice Cave.

You collected 1259 gold pieces.

Inventory:

Hand Weapons
 s - a +0 scimitar of flaming
 B - the +9 scimitar of Mana (weapon) {vorpal, Dex+6}
   (You acquired it on level 10 of the Dungeon)

   It inflicts extra damage upon your enemies.
   Dex:       It affects your dexterity (+6).
Missiles
 D - a throwing net (quivered)
Armour
 b - a +1 hat (worn)
 c - a +1 buckler (worn)
 d - a +0 pair of boots (worn)
 g - a +0 plate armour (worn)
 A - the +3 salamander hide armour {Flames rF++ rC--}
   (You found it in a bailey)

   It surrounds you with a cloud of flames.
   It grants immunity to clouds of flame.
   It enhances your fire magic.
   rF:        It greatly protects you from fire.
   rC:        It makes you very vulnerable to cold.
Jewellery
 e - a ring of fire
 i - a +6 ring of dexterity
 u - a ring of fire
 w - a ring of poison resistance (left hand)
 x - a ring of resist corrosion
 K - a ring of flight
 M - a +4 ring of evasion (right hand)
 Q - an amulet of guardian spirit (around neck)
Wands
 a - a wand of acid (3)
 n - a wand of iceblast (43)
 C - a wand of flame (19)
 H - a wand of mindburst (21)
 S - a wand of polymorph (4)
 W - a wand of charming (2)
 X - a wand of paralysis (8)
Scrolls
 k - a scroll of fear
 o - 4 scrolls of teleportation
 p - 2 scrolls of enchant armour
 v - 4 scrolls of amnesia
 y - a scroll of silence
 z - 2 scrolls of enchant weapon
 F - 2 scrolls of noise
 U - 2 scrolls of fog {unknown}
 V - 5 scrolls of identify
 Z - a scroll of blinking
Potions
 h - a potion of lignification
 l - 4 potions of flight
 m - 2 potions of attraction
 q - 2 potions of resistance
 t - 5 potions of haste
 G - a potion of ambrosia
 I - 5 potions of might
 J - 2 potions of berserk rage
 N - a potion of magic
 O - 2 potions of degeneration
 P - a potion of brilliance
 R - 2 potions of cancellation


   Skills:
 * Level 13.8 Fighting
 * Level 16.4 Long Blades
 * Level 14.5 Armour
 * Level 9.9 Dodging
 * Level 12.3 Shields
 + Level 0.8 Unarmed Combat
 * Level 9.3 Invocations


You had 14 spell levels left.
You didn't know any spells.
Your spell library contained the following spells:

 Spells                   Type           Power      Damage    Failure   Level
 Beastly Appendage        Tmut           0%         N/A       98%         1
 Foxfire                  Conj/Fire      0%         2x1d4     98%         1
 Corpse Rot               Necr/Air       0%         N/A       99%         2
 Ensorcelled Hibernation  Hex/Ice        0%         N/A       99%         2
 Passwall                 Tmut/Erth      0%         N/A       99%         2
 Poisonous Vapours        Pois/Air       0%         N/A       99%         2
 Static Discharge         Conj/Air       0%         N/A       99%         2
 Sublimation of Blood     Necr           0%         N/A       99%         2
 Wereblood                Tmut           0%         N/A       99%         2
 Conjure Flame            Conj/Fire      0%         6-21      100%        3
 Frozen Ramparts          Ice            0%         1d2       100%        3
 Inner Flame              Hex/Fire       0%         N/A       100%        3
 Spider Form              Tmut/Pois      0%         N/A       100%        3
 Swiftness                Air            0%         N/A       100%        3
 Animate Dead             Necr           0%         N/A       100%        4
 Dispel Undead            Necr           0%         3d6       100%        4
 Flame Wave               Conj/Fire      0%         2d4       100%        4
 Ice Form                 Ice/Tmut       0%         N/A       100%        4
 Sticky Flame             Conj/Fire      0%         2d3       100%        4
 Summon Ice Beast         Ice/Summ       0%         N/A       100%        4
 Alistair's Intoxication  Tmut/Pois      0%         N/A       100%        5
 Borgnjor's Vile Clutch   Necr/Erth      0%         N/A       100%        5
 Death Channel            Necr           0%         N/A       100%        6
 Eringya's Noxious Bog    Tmut/Pois      0%         N/A       100%        6
 Summon Hydra             Summ           0%         N/A       100%        7


Dungeon Overview and Level Annotations

Branches:
Dungeon (15/15)            Temple (1/1) D:5            Lair (6/6) D:11
  Swamp (0/4) Lair:3        Snake (0/4) Lair:4        Slime (0/5) Lair:5
    Orc (0/2) D:11         Bailey (visited)           IceCv (visited)
 Vaults: D:13-14     Depths: D:15

Altars:
Ashenzari
Cheibriados
Dithmenos
Elyvilon
Gozag
Hepliaklqana
Makhleb
Nemelex Xobeh
Okawaru
Qazlal
Ru
Sif Muna
Trog
Uskayaw
Vehumet
Wu Jian
Xom
Yredelemnul
Zin
The Shining One
Beogh
Jiyva

Shops:
D:8 ?

Portals:
Trove: D:11 (lose all piety)

Annotations:
Lair:5 Rupert


Innate Abilities, Weirdness & Mutations

You have a pair of horns on your head.
You reflexively headbutt those who attack you in melee.
You are partially covered in iridescent scales. (AC +2)
You tend to lose your temper in combat.
You have an increased reservoir of magic. (+10% MP)
You expend magic power (3 MP) to strengthen your wands.


Message History

* * * LOW HITPOINT WARNING * * *
Rupert freezes you.
* * * LOW HITPOINT WARNING * * *
The cane toad stings you!
* * * LOW HITPOINT WARNING * * *
You are lethally poisoned!
The cane toad poisons you!
Unknown command.
It was a potion of ambrosia.
You are more confused.
You feel invigorated.
* * * LOW HITPOINT WARNING * * *
You feel very sick. The cane toad misses you.
The water moccasin bites you but does no damage.
Rupert hits you with a +2 battleaxe of freezing.
* * * LOW HITPOINT WARNING * * *
Rupert freezes you.
* * * LOW HITPOINT WARNING * * *
The death yak gores you!
* * * LOW HITPOINT WARNING * * *
The cane toad barely misses you.
The cane toad stings you but does no damage.
You are too confused!
You feel better.
You feel less invigorated. You block the water moccasin's attack.
Rupert closely misses you. The cane toad barely misses you.
You furiously retaliate!
You headbutt the cane toad.
The water moccasin bites you but does no damage.
The death yak gores you!
* * * LOW HITPOINT WARNING * * *
The cane toad misses you. You block Rupert's attack.
You have identified the last potion.
R - 2 potions of cancellation It was a potion of brilliance.
You feel clever all of a sudden.
Rupert hits you with a +2 battleaxe of freezing!
* * * LOW HITPOINT WARNING * * *
Rupert freezes you.
You die...

........>....P...................
.................................
..............###................
....#.........# ##...............
.###.....#P...# ##...._>........
###.....###...## ##.............
# #......##....### #.............
# #.....###....F.###.............
##.....####...Y@..†#.........P.#
##.....#.P.....@FS.#.##........P.
#.........................P...P..
.............##..........##......
...........#####..#.>..P...#.....
............# #####...######....
..##.#...#.## ##....##.##....
..#####...## #....#..##..... ...#
##.## #####....#.......#


You could see Rupert (berserk), a death yak, 2 cane toads and a water moccasin.

Vanquished Creatures
  Gastronok (D:8)
  The ghost of raistware the Frost Mage, a journeyman HuIE of Vehumet (Lair:2)
  A boulder beetle (D:12)
  3 hydras
  An ogre mage (D:10)
  The ghost of flestrin the Eclecticist, a journeyman DECj of Hepliaklqana (Lair:2)
  3 centaur warriors
  Erica (D:8)
  3 two-headed ogres (D:10)
  3 death yaks (Lair:5)
  Urug (D:10)
  A deep elf archer (D:15)
  Pikel (D:8)
  2 orc knights (Bailey)
  4 ugly things
  A cyclops (D:12)
  12 elephants
  A will-o-the-wisp (Lair:3)
  An orc sorcerer (Bailey)
  An ice statue (IceCv)
  2 gargoyles (D:12)
  5 black mambas
  An unseen horror (D:11)
  Psyche (D:8)
  8 cane toads
  2 rime drakes (IceCv)
  15 komodo dragons
  A freezing wraith (D:13)
  3 kobold demonologists
  3 meliai (D:15)
  4 polar bears
  2 hornets
  A troll (D:9)
  11 blink frogs
  2 slime creatures (D:10)
  4 centaur simulacra (D:11)
  A shadow (D:12)
  27 yaks
  2 wraiths (D:12)
  5 basilisks
  5 wyverns
  Menkaure (D:6)
  7 vampire mosquitoes
  2 nagas (Lair:4)
  An acid dragon (D:11)
  14 water moccasins
  4 ice beasts
  2 phantoms
  3 sky beasts
  A hornet zombie (D:6)
  14 orc warriors
  4 ogres
  16 wolves
  2 centaurs
  A lemure (D:8)
  Blork the orc (D:6)
  3 kobold brigands (D:9)
  3 gnoll sergeants
  3 necrophages
  9 bullfrogs
  A wyvern zombie (D:6)
  A scorpion (D:6)
  7 wights
  A lindwurm simulacrum (IceCv)
  11 killer bees
  7 howler monkeys
  8 electric eels
  4 centaur zombies (D:6)
  2 komodo dragon simulacra (IceCv)
  4 bullfrog zombies (D:6)
  3 jellies (D:5)
  5 orc priests
  A gnoll shaman (D:5)
  7 hounds
  A bullfrog skeleton (D:6)
  A centaur skeleton (D:6)
  15 iguanas
  7 orc wizards
  A killer bee zombie (D:6)
  A howler monkey zombie (D:6)
  6 adders
  10 gnolls
  6 acid dragon simulacra (IceCv)
  12 white imps
  3 ufetubi
  3 steam dragon simulacra (IceCv)
  3 worms
  3 dart slugs
  42 orcs
  2 ball pythons
  7 endoplasms
  A giant cockroach (D:1)
  14 goblins
  15 hobgoblins
  14 kobolds
  3 quokkas
  6 bats
  5 frilled lizards
  3 rats
485 creatures vanquished.

Vanquished Creatures (collateral kills)
  A boulder beetle (Lair:5)
  A kobold demonologist (D:13)
  A rime drake (Lair:5)
  2 blink frogs (Lair:5)
  A vampire mosquito (D:13)
  A kobold brigand (D:13)
  A kobold (D:13)
8 creatures vanquished.

Vanquished Creatures (others)
  A white imp (D:11)
  An orc (D:11)
  2 foxfires (Lair:3)
  24 fungi
  32 plants
  3 withered plants (D:6)
63 creatures vanquished.

Grand Total: 556 creatures vanquished

Notes
Turn   | Place    | Note
-------+----------+-------------------------------------------
     0 | D:1      | HotDog the Minotaur Fighter began the quest for the Orb.
     0 | D:1      | Reached XP level 1. HP: 19/19 MP: 0/0
   385 | D:1      | Reached XP level 2. HP: 27/27 MP: 1/1
   555 | D:1      | Found a faded altar of an unknown god.
   968 | D:2      | Reached XP level 3. HP: 33/33 MP: 2/2
  1398 | D:2      | Reached skill level 1 in Dodging
  1404 | D:2      | Reached skill level 3 in Long Blades
  2002 | D:3      | Reached XP level 4. HP: 17/40 MP: 3/3
  2687 | D:3      | Reached skill level 1 in Invocations
  2691 | D:3      | Found a white marble altar of Elyvilon.
  2839 | D:3      | HP: 2/40 [gnoll/+0 spear (5)]
  2854 | D:3      | Reached XP level 5. HP: 17/46 MP: 4/4
  3501 | D:4      | Reached skill level 4 in Long Blades
  3717 | D:4      | Gained mutation: You are partially covered in iridescent
                  | scales. (AC +2) [potion of mutation]
  3717 | D:4      | Gained mutation: You have a pair of large horns on your
                  | head. [potion of mutation]
  3954 | D:5      | Entered Level 5 of the Dungeon
  3961 | D:5      | Reached skill level 5 in Armour
  3989 | D:5      | Reached XP level 6. HP: 48/53 MP: 6/6
  4076 | D:5      | Noticed a sky beast
  4084 | D:5      | Reached skill level 5 in Long Blades
  4097 | D:5      | Reached XP level 7. HP: 27/60 MP: 7/7
  4483 | D:5      | Upgraded the game from 0.29-a0-275-g389c0b56f3 to
                  | 0.29-a0-284-gf9362112df
  4610 | D:5      | Reached skill level 5 in Shields
  4930 | D:5      | Reached skill level 5 in Fighting
  4930 | D:5      | Reached skill level 6 in Long Blades
  5096 | D:5      | Found a staircase to the Ecumenical Temple.
  5182 | Temple   | Entered the Ecumenical Temple
  5243 | Temple   | Became a worshipper of the Shining One
  5355 | D:5      | Reached XP level 8. HP: 68/68 MP: 8/8
  5465 | D:5      | Found a stormy altar of Qazlal.
  5503 | D:5      | Found a hide-covered altar of Uskayaw.
  5919 | D:6      | Reached skill level 7 in Long Blades
  6132 | D:6      | Noticed Blork the orc
  6138 | D:6      | Killed Blork the orc
  6196 | D:6      | Reached * piety under the Shining One
  6460 | D:6      | Found a sparkling altar of Nemelex Xobeh.
  6468 | D:6      | Reached skill level 8 in Long Blades
  6523 | D:6      | Reached XP level 9. HP: 71/73 MP: 10/10
  6593 | D:6      | Noticed Menkaure
  6614 | D:6      | Killed Menkaure
  7282 | D:6      | Reached ** piety under the Shining One
  7304 | D:6      | Found a bloodstained altar of Trog.
  7480 | D:6      | Reached skill level 9 in Long Blades
  7633 | D:6      | Found a broken altar of Ashenzari.
  7658 | D:6      | Found a glowing silver altar of Zin.
  7705 | D:6      | Found a sacrificial altar of Ru.
  8426 | D:7      | Identified the +1 dagger of Ubiquitous Duty {vorpal, Fly
                  | rF+ Dex-2}
  8992 | D:7      | Reached skill level 10 in Long Blades
  9360 | D:8      | Noticed Erica
  9367 | D:8      | Killed Erica
  9368 | D:8      | Reached skill level 5 in Dodging
  9368 | D:8      | Reached XP level 10. HP: 28/86 MP: 12/12
  9546 | D:8      | Found Fyr Egri's Magic Scroll Shop.
  9565 | D:8      | Found a flagged portal.
  9576 | Bailey   | Entered a bailey
 10009 | Bailey   | Noticed an orc knight
 10023 | Bailey   | Killed an orc knight
 10024 | Bailey   | Reached skill level 11 in Long Blades
 10258 | Bailey   | Found the +3 salamander hide armour {Flames rF++ rC--}
 10272 | Bailey   | Found an iron altar of Okawaru.
 10272 | Bailey   | Noticed an orc sorcerer
 10280 | Bailey   | Killed an orc sorcerer
 10281 | Bailey   | Reached skill level 5 in Invocations
 10471 | Bailey   | Noticed an orc knight
 10482 | Bailey   | Killed an orc knight
 11097 | D:8      | Noticed Psyche
 11102 | D:8      | Killed Psyche
 11194 | D:8      | Noticed Pikel
 11208 | D:8      | Killed Pikel
 11209 | D:8      | Reached skill level 12 in Long Blades
 11524 | D:8      | Reached *** piety under the Shining One
 11530 | D:8      | Reached XP level 11. HP: 95/95 MP: 13/13
 11623 | D:8      | Noticed Gastronok
 11635 | D:8      | Killed Gastronok
 11636 | D:8      | Reached skill level 10 in Armour
 11827 | D:8      | Found a burning altar of Makhleb.
 12386 | D:9      | Found an opulent altar of Gozag.
 12644 | D:10     | Entered Level 10 of the Dungeon
 12706 | D:10     | Noticed Urug
 12716 | D:10     | Killed Urug
 12752 | D:10     | Acquired the +9 scimitar of Mana {vorpal, Dex+6}
 13063 | D:10     | Noticed a two-headed ogre
 13067 | D:10     | Killed a two-headed ogre
 13191 | D:10     | Reached skill level 13 in Long Blades
 14014 | D:11     | Found a portal to a secret trove of treasure.
 14015 | D:11     | Found a frozen archway.
 14016 | D:11     | Reached **** piety under the Shining One
 14017 | D:11     | Noticed an ogre mage
 14018 | D:11     | Noticed a two-headed ogre
 14018 | D:11     | Noticed a two-headed ogre
 14068 | D:10     | Killed a two-headed ogre
 14382 | D:10     | Killed a two-headed ogre
 14570 | D:10     | Killed an ogre mage
 14634 | IceCv    | Entered an ice cave
 14717 | IceCv    | Reached skill level 10 in Fighting
 14717 | IceCv    | Reached XP level 12. HP: 107/107 MP: 14/16
 14718 | IceCv    | Reached skill level 14 in Long Blades
 14718 | IceCv    | Reached skill level 10 in Shields
 14718 | IceCv    | Reached XP level 13. HP: 116/116 MP: 14/17
 14789 | IceCv    | The Shining One protects you from harm!
 15276 | IceCv    | Reached ***** piety under the Shining One
 15511 | D:11     | Found a staircase to the Orcish Mines.
 15863 | D:11     | Found a staircase to the Lair.
 16266 | D:11     | Reached XP level 14. HP: 124/124 MP: 18/18
 17506 | D:12     | Reached skill level 15 in Long Blades
 17980 | D:13     | Gained mutation: You do not regenerate when monsters are
                  | visible. [a neqoxec]
 18365 | D:13     | You fall into a shaft and drop 2 floors!
 18365 | D:15     | Entered Level 15 of the Dungeon
 18859 | D:9      | Lost mutation: You do not regenerate when monsters are
                  | visible. [potion of mutation]
 18859 | D:9      | Lost mutation: You have a pair of large horns on your head.
                  | [potion of mutation]
 18859 | D:9      | Gained mutation: You expend magic power (3 MP) to
                  | strengthen your wands. [potion of mutation]
 18859 | D:9      | Gained mutation: You tend to lose your temper in combat.
                  | [potion of mutation]
 18859 | D:9      | Gained mutation: You have an increased reservoir of magic.
                  | (+10% MP) [potion of mutation]
 19202 | Lair:1   | Entered Level 1 of the Lair of Beasts
 20094 | Lair:2   | Found a runed translucent gate.
 20096 | Lair:2   | Found a runed translucent gate.
 20096 | Lair:2   | Found a runed translucent gate.
 20103 | Lair:2   | Noticed raistware's ghost (journeyman HuIE)
 20103 | Lair:2   | Noticed flestrin's ghost (journeyman DECj)
 20205 | Lair:2   | Reached ****** piety under the Shining One
 20775 | Lair:2   | Killed flestrin's ghost
 20783 | Lair:2   | Killed raistware's ghost
 21077 | Lair:3   | Found a staircase to the Swamp.
 22019 | Lair:3   | Reached skill level 16 in Long Blades
 22747 | Lair:4   | Reached XP level 15. HP: 129/136 MP: 20/22
 23215 | Lair:4   | Found a staircase to the Snake Pit.
 23818 | Lair:5   | HP: 3/137 [komodo dragon (14)]
 24731 | Lair:5   | Found a viscous altar of Jiyva.
 24732 | Lair:5   | Found a staircase to the Slime Pits.
 25806 | Lair:6   | Entered Level 6 of the Lair of Beasts
 25810 | Lair:6   | Noticed Rupert
 25968 | Lair:5   | HP: 5/137 [death yak (6)]
 25970 | Lair:5   | Slain by Rupert

Illustrated notes

Levels and vault maps discovered:
D:1:      lightli_arrival_noodles, layout_loops_ring,
          hellmonk_ecumenical_altar_run_dry, minmay_liquid_box,
          chequers_serial_rivers_large_a
D:2:      layout_loops_corners, chequers_arboretum, dreamdust_mushroom_princess
D:3:      layout_loops_cross, mainiacjoe_overflow_boulevard, serial_aquarium,
          aquarium_bridge_straight [aquarium_subvault_bridge,
          aquarium_subvault_window, aquarium_subvault_bridge,
          aquarium_subvault_window], aquarium_bridge_straight
          [aquarium_subvault_bridge, aquarium_subvault_window,
          aquarium_subvault_bridge, aquarium_subvault_wall],
          aquarium_window_fake, aquarium_window_fake, aquarium_window_3,
          aquarium_view_2c, aquarium_balcony_1a, grunt_decor_mini_mirrors,
          st_stairs_10, chequers_serial_rivers_micro_d
D:4:      minmay_wonky_spiral, layout_loops_ring, mainiacjoe_overflow_paths,
          fedhas_altar_3, ebering_ghost_sewer_d
D:5:      cheibrodos_barr_body, layout_rooms, general_overflow_altar,
          lemuel_coloured_pillars_altar, minmay_temple_entry_proselytizer,
          serial_bayou, serial_bayou_lagoon_b, serial_bayou_crossing,
          serial_bayou_pond_e, serial_bayou_shore_b, serial_bayou_pond_a
D:6:      layout_basic, mainiacjoe_overflow_concentric_impassable,
          trog_butcher_becter, nicolae_ru_awakened_eye,
          mainiacjoe_overflow_six_doors_small, ashenzari_altar_1, serial_undead,
          serial_undead_f, serial_undead_b, serial_undead_d, serial_undead_f,
          serial_undead_d, serial_undead_a, serial_undead_f, uniq_menkaure,
          uniq_blork_the_orc
D:7:      layout_basic
D:8:      layout_loops_ring, mainiacjoe_overflow_alcove_1, serial_shops,
          nicolae_shop_hallway_stairs, enter_bailey_3, item_on_display_b,
          uniq_erica, uniq_psyche, uniq_pikel, uniq_gastronok
D:9:      layout_loops_cross, kennysheep_mini_moat, kennysheep_generic_room_10
D:10:     layout_layer_cave, minmay_crystal_room, uniq_urug
D:11:     layout_long_grid, erik_lair_dragon, minmay_orc_entry_temple_small,
          enter_trove_0, serial_ice, serial_ice_b, serial_ice_n, serial_ice_l,
          serial_ice_c, serial_ice_g, serial_ice_f, portal_ice_cave_entry_imps
D:12:     layout_long_grid
D:13:     layout_roguey, blue_anna_alchemist
D:14:     layout_roguey, skrybe_vaults_entry_preservation,
          kennysheep_vampire_church
D:15:     grunt_enter_depths_snipers, layout_basic, nicolae_vehumet_altar_sigil
Temple:   eino_wide_crystal_templ
Lair:1:   layout_chaotic_city, serial_forest, infiniplex_forest_straight_2,
          infiniplex_forest_lined_2, infiniplex_forest_lined_3,
          infiniplex_forest_end_2, infiniplex_forest_clump_tiny,
          infiniplex_forest_split, infiniplex_forest_corner_1,
          infiniplex_forest_straight_1, infiniplex_forest_clump_small
Lair:2:   layout_concentric_octagons, gammafunk_ghost_cemetery,
          grunt_forest_small_clearing_treed
Lair:3:   beast_lair_carwin_large_3, layout_cave_pods, minmay_swamp_entry_wisps,
          disabler_island
Lair:4:   layout_cave_pods, guppyfry_snake_entry_garden, fungi_pond_lemuel
Lair:5:   layout_layer_cave, slime_altar_1, serial_bayou_shore_a,
          grunt_megastairs_4
Lair:6:   hangedman_lair_caniforms_friends, layout_gridlike, uniq_nessos,
          uniq_rupert

Skill      XL: |  1  2  3  4  5  6  7  8  9 10 11 12 13 14 15 |
---------------+----------------------------------------------+-----
Armour         | 4 5 6 7 9 11 12 14 | 14.5
Shields        | 4 5 6 7 9 10 11 12 | 12.3
Dodging        | 1 2 3 5 7 8 9 |  9.9
Long Blades    | 3 4 5 6 8 10 12 13 14 16 | 16.4
Fighting       | 4 5 7 8 10 11 13 | 13.8
Invocations    | 1 2 3 4 5 7 8 9 |  9.3
Unarmed Combat | |  0.8

Action                   |  1- 3 |  4- 6 |  7- 9 | 10-12 | 13-15 || total
-------------------------+-------+-------+-------+-------+-------++-------
Melee: Long sword        |   116 |    84 |   296 |       |       ||   496
       Headbutt          |    15 |    15 |    70 |    73 |   171 ||   344
       Scimitar          |       |       |       |   279 |   549 ||   828
       Unarmed           |       |       |       |     3 |       ||     3
Invok: Divine Shield     |       |       |       |     6 |     4 ||    10
       Cleansing Flame   |       |       |       |     3 |     1 ||     4
       Summon Divine War |       |       |       |       |     1 ||     1
  Use: Potion            |     2 |     4 |     7 |     2 |     9 ||    24
       Scroll            |       |    10 |     1 |     6 |     5 ||    22
Armor: Scale mail        |    58 |    45 |   115 |    14 |       ||   232
       Skin              |       |       |     4 |       |       ||     4
       Chain mail        |       |       |       |    58 |   155 ||   213
       Plate armour      |       |       |       |       |    15 ||    15
Dodge: Dodged            |    57 |    56 |   148 |    95 |   270 ||   626
Block: Buckler           |    31 |    39 |    98 |    98 |   235 ||   501

Table legend: (Time is in decaauts)
 A = Elapsed time spent in this place.
 B = Non-inter-level travel time spent in this place.
 C = Inter-level travel time spent in this place.
 D = Time resting spent in this place.
 E = Time spent auto-exploring this place.
 F = Levels seen in this place.
 G = Mean time per level.
                   A        B        C        D        E       F      G
               +--------+--------+--------+--------+--------+-----+--------+
         Total |  25984 |  24870 |   1114 |   5872 |  15583 |  24 | 1082.7 |
       Dungeon |  16866 |  16023 |    843 |   3548 |  10273 |  15 | 1124.4 |
        Temple |     72 |     62 |     10 |      0 |     50 |   1 |   72.0 |
          Lair |   6738 |   6478 |    260 |   1158 |   4614 |   6 | 1123.0 |
        Bailey |   1452 |   1452 |      0 |    573 |    592 |   1 | 1452.0 |
      Ice Cave |    855 |    855 |      0 |    593 |     53 |   1 |  855.0 |
               +--------+--------+--------+--------+--------+-----+--------+

Top non-repeatable levels by time:
  Lair:5: 2270 daAuts
     D:6: 2180 daAuts
    D:10: 2019 daAuts
     D:5: 1802 daAuts
     D:3: 1690 daAuts
  Bailey: 1452 daAuts
     D:7: 1386 daAuts
  Lair:3: 1377 daAuts
    D:11: 1368 daAuts
     D:8: 1314 daAuts
  Lair:4: 1262 daAuts
  Lair:2: 995 daAuts
     D:1: 958 daAuts
    D:12: 931 daAuts
     D:2: 894 daAuts
